 Dungeon Crawl Stone Soup version 0.22.1-2-g9c5b331 (webtiles) character file.

606 Matador8 the Martial Artist (level 7, 0/48 HPs)
             Began as a Merfolk Transmuter on Dec 19, 2018.
             Was an Initiate of Wu Jian.
             Slain by a wight
             ... wielding a cursed +4 scimitar of freezing
              (1 damage)
             ... on level 3 of the Dungeon.
             The game lasted 00:24:59 (5064 turns).

Matador8 the Martial Artist (Merfolk Transmuter)    Turns: 5064, Time: 00:25:01

Health: 0/48       AC:  2    Str: 11    XL:     7   Next: 42%
Magic:  9/10       EV: 12    Int: 14    God:    Wu Jian [......]
Gold:   178        SH:  0    Dex: 14    Spells: 4/10 levels left

rFire    . . .     SeeInvis .     - Unarmed
rCold    . . .     Gourm    .   (no shield)
rNeg     . . .     Faith    .   y - +0 robe
rPois    .         Spirit   .   (no helmet)
rElec    .         Reflect  .   (no cloak)
rCorr    .         Harm     .   (no gloves)
MR       .....                  (no boots)
Stlth    +.........             (no amulet)
HPRegen  0.16/turn              (no ring)
MPRegen  0.12/turn              (no ring)

@: heavily drained
A: change form in water, swift swim, stealthy swim
a: Renounce Religion


You were on level 3 of the Dungeon.
You worshipped Wu Jian.
Wu Jian was noncommittal.
You were hungry.

You visited 2 branches of the dungeon, and saw 5 of its levels.

You collected 178 gold pieces.

Inventory:

Hand Weapons
 x - a +0 blowgun
Missiles
 a - 81 arrows
 e - 73 sling bullets
 w - 9 poisoned needles (quivered)
Armour
 c - a +0 cloak
 l - a +0 buckler
 n - a +0 leather armour
 u - a +0 helmet
 v - a +2 cloak of invisibility
 y - a +0 robe (worn)
Jewellery
 k - a +2 amulet of reflection {unknown}
 r - a cursed ring of teleportation {unknown}
Wands
 A - a wand of iceblast (9)
Scrolls
 h - 2 scrolls of amnesia {unknown}
 i - 4 scrolls of remove curse
 j - 2 scrolls of fear {unknown}
 p - 5 scrolls of identify {unknown}
 q - 3 scrolls of noise {unknown}
 s - a scroll of enchant armour {unknown}
 t - 2 scrolls of enchant weapon {unknown}
 z - 2 scrolls of blinking {unknown}
Potions
 b - a potion of heal wounds {unknown}
 f - 4 potions of curing {unknown}
 g - 2 potions of degeneration {unknown}
 m - 2 potions of lignification {unknown}
 o - a potion of cancellation {unknown}
Comestibles
 d - 8 rations


   Skills:
 - Level 1.1(0.0) Fighting
 - Level 2.6(1.5) Dodging
 + Level 8.4(7.1) Unarmed Combat
 - Level 2.0(0.9) Spellcasting
 - Level 5.1(3.9) Transmutations


You had 4 spell levels left.
You knew the following spells:

 Your Spells              Type           Power        Failure   Level  Hunger
a - Beastly Appendage     Tmut           ##....       5%          1    ##.....
b - Sticks to Snakes      Tmut           ##......     9%          2    ###....
c - Spider Form           Tmut/Pois      #.........   34%         3    ####...

Your spell library contained the following spells:

 Spells                   Type           Power        Failure   Level  Hunger
 Ice Form                 Ice/Tmut       #.......     75%         4    #####..
 Blade Hands              Tmut           ##........   83%         5    ######.


Dungeon Overview and Level Annotations

Branches:
Dungeon (4/15)             Temple (1/1) D:4

Altars:
Cheibriados
Elyvilon
Fedhas
Gozag
Hepliaklqana
Kikubaaqudgha
Qazlal
Sif Muna
Trog
Uskayaw
Wu Jian
Yredelemnul
The Shining One


Message History

Your ball python constricts the wight.
The wight struggles to escape constriction.
You lunge at the wight.
You hit the wight.
The wight is severely damaged.
Your ball python bites the wight but does no damage.
Your ball python constricts the wight.
The wight misses your ball python.
Your ball python bites the wight but does no damage.
Your ball python constricts the wight.
The wight hits your ball python with a scimitar of freezing!
Your ball python seems to slow down.
The wight freezes your ball python.
Your ball python dies!
You lunge at the wight.
You barely miss the wight.
The wight is severely damaged.
The wight hits you with a scimitar of freezing!
* * * LOW HITPOINT WARNING * * *
You feel drained.
* * * LOW HITPOINT WARNING * * *
The wight freezes you.
You die...

### #.##### ###### #.....#
#....# #.###.### #.####
#.#.....# ####.##.#
#.#.#.#.## #...@##.#
#.#...#...
#.##z...####.........
#.##.##.#..........#.
#.....#.#.#####....#.
#####...#.....#####..#.#.
#...#...'.#.......#......
#.#.#...#########.##.#...
###.#.#.#..........).......
#.....#.###########.#.###.#


You could see a wight.

Vanquished Creatures
  A slave (D:4)
  2 wights (D:4)
  2 orc wizards (D:3)
  An orc priest (D:3)
  An iguana (D:4)
  2 worker ants (D:4)
  Robin (D:2)
  An adder (D:3)
  An ooze (D:3)
  A worm (D:3)
  A dart slug (D:2)
  2 leopard geckos
  2 orcs (D:3)
  A ball python (D:2)
  12 bats
  3 giant cockroaches
  13 goblins
  9 hobgoblins
  A jackal (D:2)
  4 kobolds
  A quokka (D:4)
  A frilled lizard (D:1)
  11 rats
74 creatures vanquished.

Vanquished Creatures (collateral kills)
  Pikel (D:3)
  Crazy Yiuf (D:2)
  A killer bee zombie (D:2)
  An adder (D:2)
  A goblin (D:2)
  2 hobgoblins
  A jackal (D:2)
  2 kobolds
  2 bats (D:2)
  A rat (D:1)
13 creatures vanquished.

Vanquished Creatures (others)
  An orc (D:4)
1 creature vanquished.

Grand Total: 88 creatures vanquished

Notes
Turn   | Place    | Note
-------+----------+-------------------------------------------
     0 | D:1      | Matador8 the Merfolk Transmuter began the quest for the
                  | Orb.
     0 | D:1      | Reached XP level 1. HP: 15/15 MP: 3/3
   102 | D:1      | Reached XP level 2. HP: 4/21 MP: 3/5
   114 | D:1      | Learned a level 2 spell: Sticks to Snakes
   116 | D:1      | HP: 1/21 [hobgoblin (4)]
   909 | D:1      | Reached XP level 3. HP: 24/26 MP: 6/6
  1027 | D:2      | Reached skill level 4 in Unarmed Combat
  1252 | D:2      | Reached XP level 4. HP: 4/32 MP: 5/7
  1704 | D:2      | Found a bloodstained altar of Trog.
  1704 | D:2      | Found an opulent altar of Gozag.
  1710 | D:2      | Found a faded altar of an unknown god.
  1712 | D:2      | Found a faded altar of an unknown god.
  1713 | D:2      | Found a glowing golden altar of the Shining One.
  1873 | D:2      | Found a runed door.
  1879 | D:2      | Noticed Crazy Yiuf
  1887 | D:2      | Killed Crazy Yiuf
  2201 | D:3      | Found a snail-covered altar of Cheibriados.
  2382 | D:3      | Reached skill level 5 in Transmutations
  2536 | D:3      | Noticed Robin
  2566 | D:2      | Reached XP level 5. HP: 36/37 MP: 5/8
  2600 | D:2      | Learned a level 3 spell: Spider Form
  2698 | D:2      | Killed Robin
  2698 | D:2      | Reached skill level 5 in Unarmed Combat
  3347 | D:3      | Reached skill level 6 in Unarmed Combat
  3347 | D:3      | Reached XP level 6. HP: 18/43 MP: 3/9
  3757 | D:4      | Noticed Pikel
  3757 | D:4      | Noticed a slave
  3757 | D:4      | Noticed a slave
  3757 | D:4      | Noticed a slave
  3783 | D:4      | Noticed a slave
  3801 | D:4      | Killed a slave
  4193 | D:3      | HP: 1/43 [Pikel/whip of electrocution (19)]
  4253 | D:3      | Killed Pikel
  4253 | D:3      | Reached skill level 7 in Unarmed Combat
  4253 | D:3      | Reached XP level 7. HP: 11/48 MP: 0/10
  4743 | D:4      | Found a staircase to the Ecumenical Temple.
  4755 | Temple   | Entered the Ecumenical Temple
  4836 | Temple   | Became a worshipper of the Wu Jian Council
  4948 | D:4      | Reached skill level 8 in Unarmed Combat
  5064 | D:3      | HP: 1/48 [wight/scimitar of freezing (6)]
  5064 | D:3      | Slain by a wight

Skill      XL: |  1  2  3  4  5  6  7 |
---------------+----------------------+-----
Transmutations | 3 4 5 |  5.1
Unarmed Combat | 4 6 7 8 |  8.4
Fighting       | |  1.1
Dodging        | |  2.6
Spellcasting   | |  2.0

Action                   |  1- 3 |  4- 6 |  7- 9 || total
-------------------------+-------+-------+-------++-------
Melee: Unarmed           |   108 |   121 |    30 ||   259
       Headbutt          |     3 |     3 |       ||     6
       Punch             |       |       |     1 ||     1
 Cast: Beastly Appendage |     8 |     8 |       ||    16
       Sticks to Snakes  |     5 |    22 |     8 ||    35
       Spider Form       |       |     4 |     2 ||     6
Invok: Lunge             |       |       |     5 ||     5
  Use: Scroll            |       |     1 |       ||     1
       Potion            |       |     1 |       ||     1
 Stab: Sleeping          |       |     1 |       ||     1
  Eat: Chunk             |     2 |     6 |     2 ||    10
       Ration            |       |     2 |       ||     2
Armor: Robe              |    31 |    14 |     2 ||    47
       Skin              |       |     1 |       ||     1
Dodge: Dodged            |   111 |   113 |    13 ||   237
